 Dungeon Crawl Stone Soup version 0.28-a0-872-g80cf8599ee (webtiles) character file.

Game seed: 7578804251120262717

45 Gwenloh the Insei (level 3, -1/26 HPs)
             Began as a Merfolk Transmuter on Nov 20, 2021.
             Succumbed to an adder's poison
             ... on level 1 of the Dungeon.
             The game lasted 00:06:13 (1230 turns).

Gwenloh the Insei (Merfolk Transmuter)              Turns: 1230, Time: 00:06:14

Health: -1/26      AC:  2    Str: 10    XL:     3   Next: 64%
Magic:  3/6        EV: 13    Int: 12    God:
Gold:   30         SH:  0    Dex: 15    Spells: 0/6 levels left

rFire   . . .      SeeInvis .     - Unarmed
rCold   . . .      Faith    .   (no shield)
rNeg    . . .      Spirit   .   a - +0 robe
rPois   .          Reflect  .   (helmet currently unavailable)
rElec   .          Harm     .   (no cloak)
rCorr   .          Rampage  .   (no gloves)
Will    +....                   (boots currently unavailable)
Stlth   +.........              (no amulet)
HPRegen 0.08/turn               h - ring of willpower
MPRegen 0.10/turn               (no ring)

@: lethally poisoned (-1 -> -3), appendages (expiring), wereblooded
A: horns 2, (nimble swimmer 2), mertail
a: End Transformation


You were on level 1 of the Dungeon.
You had temporarily grown beastly horns.
You visited 1 branch of the dungeon, and saw 2 of its levels.

You collected 30 gold pieces.

Inventory:

Missiles
 g - 11 javelins
 k - 28 stones
Armour
 a - a +0 robe (worn)
 e - a +0 pair of boots (melded)
Jewellery
 h - a ring of willpower (left hand)
Scrolls
 b - a scroll of identify {unknown}
 c - 2 scrolls of teleportation {unknown}
 f - a scroll of enchant weapon {unknown}
Potions
 d - a potion of haste
 i - a potion of brilliance {unknown}
 j - a potion of attraction {unknown}


   Skills:
 + Level 1.5 Fighting
 + Level 3.1 Dodging
 * Level 3.8 Unarmed Combat
 - Level 2.2 Spellcasting
 * Level 3.7 Transmutations
 + Level 0.0 Poison Magic


You couldn't memorise any spells.
You knew the following spells:

 Your Spells              Type           Power      Damage    Failure   Level
a - Beastly Appendage     Tmut           20%        N/A       6%          1
b - Wereblood             Tmut           10%        N/A       9%          2
c - Spider Form           Tmut/Pois      5%         N/A       36%         3

Your spell library contained the following spells:

 Spells                   Type           Power      Damage    Failure   Level
 Summon Small Mammal      Summ           4%         N/A       26%         1
 Call Canine Familiar     Summ           1%         N/A       63%         3
 Summon Guardian Golem    Hex/Summ       1%         N/A       63%         3
 Ice Form                 Ice/Tmut       5%         N/A       77%         4


Dungeon Overview and Level Annotations

Branches:
Dungeon (2/15)

Altars:


Innate Abilities, Weirdness & Mutations

You have temporarily grown beastly horns.
((You are quick and stealthy near water. (Stealth+, EV+, Speed+++)))
Your lower body shifts to a powerful aquatic tail in water.


Message History

You hit the adder. Your headbutt misses the adder.
The adder is lightly wounded.
The adder bites you but does no damage.
You hit the adder.
The adder is moderately wounded.
The adder bites you.
You are poisoned.
The adder poisons you!
You hit the adder but do no damage.
The adder is moderately wounded.
You feel sick. The adder bites you.
You are more poisoned.
The adder poisons you! The adder bites you but does no damage.
You hit the adder but do no damage.
The adder is moderately wounded.
You feel sick. The adder misses you.
An adder comes into view.
You are too injured to fight recklessly!
You are too injured to fight recklessly!
You closely miss the adder.
The adder is moderately wounded.
You feel sick. The adder closely misses you.
You hit the adder but do no damage.
The adder is moderately wounded.
You feel sick. The adder bites you.
The adder hisses angrily.
You hit the adder.
The adder is heavily wounded.
Your transformation is almost over.
You feel sick. The adder bites you.
* * * LOW HITPOINT WARNING * * *
The adder barely misses you.
* * * LOW HITPOINT WARNING * * *
You feel sick. The adder bites you.
* * * LOW HITPOINT WARNING * * *
There is a stone staircase leading up here.
* * * LOW HITPOINT WARNING * * *
You feel sick. The adder misses you. x2
You climb upwards.
You die...

.#
##..........≈.....≈....#....
.###
###........≈.....≈.####....
...######........≈≈≈≈≈≈≈.#
#....
.........................#
##...
#......####..........#####
##.. #..#...###############
##. ..###...>..# #. .##
##.....############### #. .#
####....†)S@S.......#######.
.# ###.############.........
.# #..### ####..###. .#
##...##### #....## #. ##
###.....#####.#### #.
#####.......# ##. #######.#
#.. #...#### #.# ###########
##.#....# #.#


You could see 2 adders.

Vanquished Creatures
  A dart slug (D:1)
  5 bats (D:1)
  6 endoplasms
  2 giant cockroaches (D:1)
  3 goblins (D:1)
  5 hobgoblins (D:1)
  6 jackals (D:1)
  A quokka (D:1)
  3 ball pythons (D:1)
  2 kobolds (D:1)
  2 rats (D:1)
36 creatures vanquished.

Notes
Turn   | Place    | Note
-------+----------+-------------------------------------------
     0 | D:1      | Gwenloh the Merfolk Transmuter began the quest for the Orb.
     0 | D:1      | Reached XP level 1. HP: 15/15 MP: 3/3
   148 | D:1      | Found a faded altar of an unknown god.
   265 | D:1      | Reached XP level 2. HP: 21/21 MP: 3/5
   272 | D:1      | Learned a level 2 spell: Wereblood
   606 | D:1      | Reached XP level 3. HP: 18/26 MP: 3/6
  1176 | D:1      | Learned a level 3 spell: Spider Form
  1229 | D:2      | HP: 1/26 [poisoned by an adder]
  1230 | D:1      | Succumbed to an adder's poison

Illustrated notes

Levels and vault maps discovered:
D:1:      ebering_hopf_link, layout_rooms, chequers_ecumenical_altar_island,
          minmay_octomino_c4
D:2:      layout_loops_cross, chequers_garden, feat_on_display

Skill      XL: |  1  2  3 |
---------------+----------+-----
Transmutations | 3 |  3.7
Dodging        | 3 |  3.1
Fighting       | |  1.5
Unarmed Combat | |  3.8
Spellcasting   | |  2.2

Action                   || total
-------------------------++-------
Melee: Unarmed           ||   113
       Headbutt          ||    13
       Tailslap          ||     4
       Punch             ||     2
 Cast: Beastly Appendage ||    23
       Wereblood         ||     6
 Stab: Sleeping          ||     2
Armor: Robe              ||    25
Dodge: Dodged            ||    74

Table legend: (Time is in decaauts)
 A = Elapsed time spent in this place.
 B = Non-inter-level travel time spent in this place.
 C = Inter-level travel time spent in this place.
 D = Time resting spent in this place.
 E = Time spent auto-exploring this place.
 F = Levels seen in this place.
 G = Mean time per level.
                   A        B        C        D        E       F      G
               +--------+--------+--------+--------+--------+-----+--------+
         Total |   1211 |   1211 |      0 |     94 |    769 |   2 |  605.5 |
       Dungeon |   1211 |   1211 |      0 |     94 |    769 |   2 |  605.5 |
               +--------+--------+--------+--------+--------+-----+--------+

Top non-repeatable levels by time:
     D:1: 1162 daAuts
     D:2: 49 daAuts
